Map: Frost LE

Players

Oecophylla - Winner!

  • Race: Terran Terran
  • League: Silver

XPEH

  • Race: Zerg Zerg
  • League: Gold

VOD

Have the link to the VOD?

Description

Time

  • Played on: June 1, 2016, 5:21 p.m.
  • Length: 10:11
Show
View Real Time Build Order
Export as new Build Order

Oecophylla Terran - Winner!

Build Orders: Command Center First (CC), MMM Bio 

Get SALT Encoding   

  12  0:00  SCV  
  13  0:13  SCV  
  14  0:23  Supply Depot  
  14  0:25  SCV  
  15  0:45  SCV  
  16  1:01  SCV  
  17  1:14  Command Center  
  17  1:22  SCV  
  18  1:28  Barracks  
  18  1:33  Barracks  
  18  1:36  Refinery  
  18  1:40  SCV  
  19  1:52  SCV  
  20  2:04  SCV  
  20  2:05  Refinery  
  21  2:11  Barracks  
  21  2:16  Supply Depot  
  21  2:30  Orbital Command  
  21  2:35  Marine  
  22  2:46  Marine  
  22  2:48  Bunker  
  23  2:57  Orbital Command  
  23  3:05  SCV  
  24  3:17  Barracks Tech Lab, SCV  
  25  3:24  Barracks Reactor  
  25  3:29  SCV  
  25  3:30  Factory  
  25  3:31  SCV  
  25  3:33  Barracks Reactor  
  27  3:39  Supply Depot  
  28  3:41  SCV  
  28  3:55  Combat Shields  
  27  3:58  Marauder  
  27  3:59  SCV x2  
  31  4:11  SCV x2  
  31  4:15  Refinery, Factory Tech Lab  
  33  4:17  Marine  
  33  4:19  Marine  
  33  4:23  SCV x2  
  37  4:30  Engineering Bay  
  37  4:35  SCV x2  
  39  4:39  Marauder  
  39  4:41  Marine x2  
  43  4:47  SCV x2  
  43  4:52  Supply Depot  
  45  4:53  Marine  
  45  4:54  Supply Depot  
  45  4:59  SCV  
  47  5:00  Siege Tank  
  47  5:01  Marauder  
  47  5:06  Terran Infantry Weapons Level 1  
  52  5:07  SCV  
  52  5:11  SCV  
  54  5:14  Concussive Shells  
  54  5:19  Marine, SCV  
  54  5:20  Marine  
  57  5:22  Marauder  
  57  5:23  SCV  
  57  5:27  Supply Depot  
  60  5:31  SCV  
  60  5:34  Refinery  
  60  5:35  Marine, SCV  
  62  5:39  Marine  
  64  5:43  SCV  
  64  5:44  Siege Tank, Marauder  
  70  5:51  Starport  
  70  5:54  Marine  
  70  5:56  Marine  
  72  5:57  Marine  
  72  5:59  Marine  
  72  6:03  SCV x2  
  76  6:05  Marauder  
  78  6:11  Stimpack  
  78  6:27  Supply Depot  
  78  6:30  Starport Reactor  
  78  6:33  Supply Depot  
  78  6:49  Siege Tank, SCV x2  
  82  7:00  Terran Infantry Armor Level 1  
  82  7:01  SCV x2  
  84  7:02  Marine x4  
  84  7:03  Marauder  
  90  7:13  SCV  
  91  7:17  Medivac  
  91  7:20  Marine  
  94  7:23  Marine  
  94  7:24  Marine  
  94  7:32  Marauder  
  94  7:33  Medivac  
  91  7:44  Marine x4  
  87  7:47  Medivac  
  93  8:02  Marine  
  94  8:17  Command Center  
  94  8:42  Supply Depot  
  94  8:46  Medivac x2, Marine x2  
  94  8:47  Marauder  
  102  8:54  Marine  
  102  8:55  Marine  
  102  8:57  Hellion  
  93  9:04  Marine  
  93  9:05  Supply Depot  
  93  9:08  Marauder  
  94  9:10  Marine  
  94  9:12  Marine  
  94  9:13  Marine  
  94  9:16  Medivac x2  
  101  9:19  Hellion  
  101  9:22  Marine  
  99  9:27  Marine  
  99  9:29  Marine, Marauder  
  103  9:31  Marine  
  104  9:39  Marine  
  108  9:45  Marine  
  108  9:47  Marine  
  108  9:49  Marine  
Show
View Real Time Build Order
Export as new Build Order

XPEH Zerg 

Build Orders: Hatch First 

Get SALT Encoding   

  12  0:01  Drone  
  13  0:13  Drone  
  14  0:17  Overlord  
  14  0:36  Drone x3  
  17  1:14  Hatchery  
  16  1:19  Drone x3, Spawning Pool  
  16  1:20  Extractor  
  17  1:31  Drone  
  18  1:42  Drone  
  19  1:56  Overlord  
  19  2:10  Drone  
  19  2:12  Queen  
  22  2:18  Drone  
  23  2:25  Drone  
  23  2:27  Queen  
  23  2:29  Metabolic Boost  
  26  2:31  Drone  
  26  2:35  Drone  
  28  2:43  Overlord  
  28  2:45  Drone  
  29  2:56  Drone  
  30  3:06  Drone x2  
  30  3:11  Queen  
  34  3:13  Drone x2  
  36  3:26  Zergling x6  
  40  3:27  Drone x2  
  40  3:33  Overlord x2  
  41  3:38  Extractor  
  41  3:40  Lair  
  40  3:44  Extractor  
  40  3:47  Spine Crawler  
  38  3:53  Drone x4  
  42  4:01  Roach Warren  
  42  4:02  Drone x2  
  43  4:06  Drone x3  
  45  4:36  Drone x7  
  52  4:56  Evolution Chamber  
  52  4:57  Hatchery  
  50  5:02  Roach  
  50  5:03  Roach x3  
  50  5:04  Overlord x3  
  50  5:06  Glial Reconstitution  
  58  5:10  Burrow  
  58  5:14  Extractor  
  57  5:35  Zerg Missile Weapons Level 1  
  57  5:36  Roach x5  
  57  5:37  Roach x6  
  57  5:40  Overlord  
  79  5:46  Overseer  
  79  5:58  Overlord x2  
  79  6:09  Roach x7  
  93  6:16  Spore Crawler  
  92  6:19  Spore Crawler  
  92  6:21  Drone  
  92  6:22  Drone x3  
  95  6:31  Queen  
  95  6:32  Drone x6  
  103  6:45  Drone x6  
  108  7:01  Ravager x3  
  108  7:02  Ravager x3  
  108  7:04  Overlord x4, Spine Crawler  
  112  7:15  Overlord, Drone  
  113  7:16  Overlord x2  
  113  7:21  Overlord  
  113  7:22  Overlord  
  72  7:50  Drone x12  
  81  7:55  Zergling x10  
  86  8:01  Zerg Ground Armor Level 1, Evolution Chamber  
  85  8:06  Baneling Nest  
  85  8:10  Extractor  
  85  8:12  Extractor  
  82  8:13  Spore Crawler  
  82  8:18  Roach x9  
  99  8:26  Zergling x2  
  102  8:27  Zergling x6  
  103  8:53  Roach x3  
  103  8:54  Roach x8  
  100  9:07  Roach  
  100  9:08  Roach x2  
  73  9:25  Zergling x6  
  73  9:26  Zergling x12  
  71  9:40  Zergling x2  
  71  9:41  Zergling x12  
Tags
 
Add a new tag
Caveats
  • Supply blocks, unpowered buildings, or Contaminate may cause inaccurate times.
  • Supply counts are checked every 10 seconds.